AoeStats
← SwiftBarriga

Hill Fort

505155153Analyzed
2v2 RM · 23d ago on Sep 8, 2026· 48m 7s· 4 players
Game mode
Random Map
Map size
Medium (4 player)
Population
200
Speed
Normal
Resources
Standard
Victory
Conquest
Starting age
Dark Age
Ending age
Imperial Age
RankedLock teamsTeams togetherTeam positionsShared explorationLock speedFull tech treeHidden civsTurbo modeCheats
Victory
Defeat
🇺🇸 Huns · United States
504
+18
🇺🇸 Khmer · United States
397
+22
🇻🇪 Teutons · Venezuela
559
-21
🇨🇱 Portuguese · Chile
517
-19
xMaurox104
13:12 Feudal Age
13:42 Double-Bit Axe
13:42 Horse Collar
18:34 Wheelbarrow
20:42 Forging
20:04 Man-at-Arms
22:51 Castle Age
22:54 Long Swordsman
22:56 Crossbowman
24:28 Heavy Plow
28:39 Pikeman
30:07 Iron Casting
29:43 Scale Barding Armor
33:21 Hand Cart
35:29 Gambesons
35:54 Husbandry
36:08 Bloodlines
38:32 Thumb Ring
41:20 Imperial Age
41:42 Elite Organ Gun
42:33 Arquebus
43:13 Cavalier
46:29 Crop Rotation
PEREZED1998
10:33 Feudal Age
11:36 Double-Bit Axe
13:45 Horse Collar
19:02 Castle Age
18:04 Gold Mining
25:12 Bloodlines
25:11 Scale Barding Armor
29:28 Forging
29:54 Chain Barding Armor
32:04 Iron Casting
38:15 Imperial Age
37:59 Bow Saw
41:03 Scale Mail Armor
43:22 Two-Man Saw
44:35 Heavy Plow
46:00 Chain Mail Armor
46:47 Blast Furnace
46:22 Plate Barding Armor
46:22 Cavalier
47:11 Pikeman
47:53 Squires
SwiftBarriga
0:30 Loom
13:30 Feudal Age
16:00 Double-Bit Axe
15:58 Horse Collar
16:11 Gold Mining
22:44 Castle Age
20:56 Scale Barding Armor
20:55 Scale Mail Armor
21:45 Forging
23:13 Wheelbarrow
23:19 Padded Archer Armor
22:48 Man-at-Arms
24:04 Long Swordsman
24:44 Squires
24:30 Arson
34:17 Gold Shaft Mining
37:15 Imperial Age
37:44 Husbandry
37:55 Bloodlines
38:50 Hand Cart
38:58 Chain Mail Armor
39:54 Chain Barding Armor
44:36 Plate Barding Armor
44:36 Iron Casting
44:18 Leather Archer Armor
44:41 Bow Saw
44:40 Heavy Plow
44:07 Two-Handed Swordsman
46:21 Cavalier
Piggyeater6755
14:47 Feudal Age
16:08 Wheelbarrow
15:19 Loom
15:42 Double-Bit Axe
21:35 Castle Age
21:40 Scale Barding Armor
21:51 Forging
26:29 Scale Mail Armor
27:10 Iron Casting
26:57 Chain Barding Armor
26:18 Pikeman
26:47 Arson
26:26 Man-at-Arms
27:59 Hand Cart
36:03 Long Swordsman
42:15 Caravan
Connection lost

Rejoining the realm…

Still unreachable

The connection could not be restored.

Session expired

The server has moved on; the page needs a fresh start.